 Dungeon Crawl Stone Soup version 0.24.0-125-gc4c63601f3 (webtiles) character file.

Game seed: 1933032682277725884, levelgen mode: deterministic

28 Doot the Ducker (level 3, 0/19 HPs)
             Began as a Spriggan Abyssal Knight on Mar 19, 2020.
             Was a Believer of Lugonu.
             Slain by a hobgoblin (4 damage)
             ... on level 1 of the Dungeon.
             The game lasted 00:01:01 (905 turns).

Doot the Ducker (Spriggan Abyssal Knight)            Turns: 905, Time: 00:01:02

Health: 0/19       AC:  2    Str:  9    XL:     3   Next: 0%
Magic:  5/5        EV: 19    Int: 13    God:    Lugonu [**....]
Gold:   58         SH:  0    Dex: 15    Spells: 2/2 levels left

rFire    . . .     SeeInvis +   a - +1 short sword
rCold    . . .     Gourm    .   (shield restricted)
rNeg     . . .     Faith    .   b - +0 robe
rPois    .         Spirit   .   (helmet restricted)
rElec    .         Reflect  .   (no cloak)
rCorr    .         Harm     .   (gloves unavailable)
MR       .....                  (boots unavailable)
Stlth    ++........             e - amulet of rage
HPRegen  0.06/turn              (no ring)
MPRegen  0.09/turn              (no ring)

@: very quick
A: very small, unfitting armour, see invisible, herbivore, speed 3, slow
metabolism 2
a: Depart the Abyss, Bend Space, Renounce Religion, Evoke Berserk Rage


You were on level 1 of the Dungeon.
You worshipped Lugonu.
Lugonu was pleased with you.
You were not hungry.

You visited 1 branch of the dungeon, and saw 1 of its levels.
You visited the Abyss 1 time.

You collected 58 gold pieces.

Inventory:

Hand Weapons
 a - a +1 short sword (weapon)
Armour
 b - a +0 robe (worn)
Jewellery
 e - an amulet of rage (around neck)
Scrolls
 d - 2 scrolls of identify {unknown}
 i - a scroll of enchant weapon {unknown}
Potions
 f - 2 potions of curing {unknown}
 g - 2 potions of brilliance {unknown}
 h - a potion of berserk rage {unknown}
Comestibles
 c - 2 rations


   Skills:
 + Level 2.7 Fighting
 + Level 2.7 Short Blades
 + Level 4.2 Dodging
 + Level 0.9 Stealth
 + Level 1.8 Invocations


You had 2 spell levels left.
You didn't know any spells.
Your spell library was empty.

Dungeon Overview and Level Annotations

Branches:
Dungeon (1/15)

Altars:


Innate Abilities, Weirdness & Mutations

You are very small and have problems with some larger weapons.
You are too small for most types of armour.
You have supernaturally acute eyesight. (SInv)
You are a herbivore.
You cover ground extremely quickly.
You need to consume almost no food.


Message History

You hit the hobgoblin.
You kill the hobgoblin!
Lugonu accepts your kill.
You barely miss the rat. The rat misses you.
You hit the rat.
You kill the rat!
Lugonu accepts your kill.
You can now bend space around yourself.
You have reached level 3!
Your experience leads to an increase in your attributes!
Increase (S)trength, (I)ntelligence, or (D)exterity?
You feel stronger.
You hit the hobgoblin but do no damage. The hobgoblin barely misses you.
You hit the hobgoblin.
The hobgoblin is heavily wounded.
The hobgoblin hits you.
* * * LOW HITPOINT WARNING * * *
You hit the hobgoblin.
The hobgoblin is almost dead.
The hobgoblin hits you.
You die...

### ..# #.#
#.#
#######.####
#....g@....#
#.#####.##.#
#.##.# ##.##.#
#.##....#.####
..∩.#
#....#.###...#
..#∩##
####....#.##.#
.....#
##.##.###.#
.....♣ #. #.#
#.#


You could see a hobgoblin.

Vanquished Creatures
  2 dart slugs (D:1)
  A leopard gecko (D:1)
  3 bats (D:1)
  A giant cockroach (D:1)
  3 goblins (D:1)
  3 hobgoblins (D:1)
  2 jackals (D:1)
  2 kobolds (D:1)
  A frilled lizard (D:1)
  4 rats (D:1)
22 creatures vanquished.

Notes
Turn   | Place    | Note
-------+----------+-------------------------------------------
     0 | Abyss:1  | Doot the Spriggan Abyssal Knight began the quest for the
                  | Orb.
     0 | Abyss:1  | Reached XP level 1. HP: 11/11 MP: 3/3
    33 | D:1      | Escaped the Abyss
   467 | D:1      | Reached XP level 2. HP: 16/16 MP: 4/4
   685 | D:1      | Reached skill level 4 in Dodging
   902 | D:1      | Reached ** piety under Lugonu
   902 | D:1      | Reached XP level 3. HP: 6/19 MP: 5/5
   905 | D:1      | Slain by a hobgoblin

Levels and vault maps discovered:
D:1:      nzn_arrival_settlement, layout_loops_ring

Skill      XL: |  1  2 |
---------------+-------+-----
Dodging        | 4 |  4.2
Fighting       | |  2.7
Short Blades   | |  2.7
Stealth        | |  0.9
Invocations    | |  1.8

Action                   || total
-------------------------++-------
Melee: Short sword       ||    99
 Stab: Sleeping          ||     3
Armor: Robe              ||     5
Dodge: Dodged            ||    87
